Map: Lerilak Crest

Players

Ftc

  • Race: Terran Terran
  • League: Silver

SticklerMac - Winner!

  • Race: Terran Terran
  • League: Bronze

VOD

Have the link to the VOD?

Description

Time

  • Played on: July 28, 2015, 2:12 p.m.
  • Length: 3:54
Show
View Real Time Build Order
Export as new Build Order

Ftc Terran 

Build Orders:  

Get SALT Encoding   

Show
View Real Time Build Order
Export as new Build Order

SticklerMac Terran - Winner!

Build Orders:  

Get SALT Encoding   

  12  0:00  SCV  
  13  0:16  SCV  
  14  0:25  Supply Depot  
  14  0:31  SCV  
  15  0:46  SCV  
  15  0:49  Barracks  
  16  0:53  Barracks  
  16  0:58  SCV  
  17  1:05  Supply Depot  
  17  1:11  SCV  
  18  1:21  Barracks  
  18  1:24  SCV  
  19  1:36  SCV  
  19  1:38  Marine  
  21  1:41  Marine  
  22  1:59  Marine  
  22  2:00  Marine  
  24  2:08  Barracks  
  24  2:09  Marine  
  24  2:10  Barracks  
  25  2:30  Bunker x2  
  25  2:34  Marine  
  26  2:37  Marine x2  
  28  2:52  Marine  
  29  3:02  Bunker  
  29  3:03  Marine x2  
  31  3:08  Bunker  
  31  3:11  Supply Depot  
  31  3:16  Supply Depot  
  31  3:33  Marine x5  
Tags
 
Add a new tag
Caveats
  • Supply blocks, unpowered buildings, or Contaminate may cause inaccurate times.
  • Supply counts are checked every 10 seconds.